 Dungeon Crawl Stone Soup version 0.31-a0-220-gc2f4f3cf83 (webtiles) character file.

Game seed: 8416167475273277550

280 qw the Chopper (level 6, 0/38 HPs)
             Began as a Gargoyle Fighter on July 3, 2023.
             Slain by an iguana (4 damage)
             ... on level 4 of the Dungeon.
             The game lasted 00:01:34 (2926 turns).

qw the Chopper (Gargoyle Fighter)                   Turns: 2926, Time: 00:01:35

Health: 0/38       AC: 13    Str: 22    XL:     6   Next: 27%
Magic:  6/6        EV:  9    Int:  8    God:
Gold:   266        SH:  4    Dex:  9    Spells: 5/5 levels left

rFire   . . .        Y - +1 war axe
rCold   . . .        c - +0 buckler
rNeg    + . .        b - +0 scale mail
rPois   inf          h - +0 helmet
rElec   +            (no cloak)
rCorr   .            (no gloves)
SInv    .            l - +0 pair of boots
Will    .....        (no amulet) Stlth
                     (no ring)
HPRegen 0.26/turn    (no ring)
MPRegen 0.10/turn

%: no passive effects
@: about to teleport
A: sickness immunity, AC +4, negative energy resistance 1, electricity
resistance, torment resistance 1, petrification resistance
a: no special abilities


You were on level 4 of the Dungeon.
You visited 1 branch of the dungeon, and saw 4 of its levels.

You collected 266 gold pieces.


Innate Abilities, Weirdness & Mutations

You are immune to sickness and miasma.
Your stone body is resilient. (AC +4)
You are immune to poison.
You resist negative energy. (rN+)
You are resistant to electric shocks. (rElec)
You are resistant to unholy torment.
You are immune to petrification.


   Skills:
 - Level 4.0 Fighting
 + Level 5.3 Axes
 - Level 3.2 Armour
 - Level 1.0 Dodging
 - Level 3.2 Shields


You had 5 spell levels left.
You didn't know any spells.
Your spell library was empty.

Inventory:

Hand Weapons
 j - a +0 flail
 Y - a +1 war axe (weapon)
Armour
 b - a +0 scale mail (worn)
 c - a +0 buckler (worn)
 h - a +0 helmet (worn)
 l - a +0 pair of boots (worn)
Scrolls
 k - a scroll of identify
 n - a scroll of teleportation
Potions
 a - a potion of heal wounds {unknown}
 d - a potion of might
 e - 2 potions of mutation
 f - a potion of cancellation {unknown}
 g - a potion of enlightenment {unknown}
 i - a potion of resistance {unknown}
 m - a potion of degeneration {unknown}
 o - 2 potions of curing {unknown}

Dungeon Overview and Level Annotations

Branches:
Dungeon (4/15)
 Temple: D:4-7

Altars:
Gozag

Shops:
D:1 ?   D:4 :


Message History

Enter note:
Enter note: An iguana comes into view.
Enter note:
Enter note: You barely miss the iguana.
The iguana closely misses you.
You hit the iguana.
The iguana is lightly wounded.
You block the iguana's attack. The iguana bites you.
You hit the iguana but do no damage.
The iguana is lightly wounded.
The iguana barely misses you.
You barely miss the iguana.
The iguana is lightly wounded.
The iguana bites you but does no damage.
You barely miss the iguana.
The iguana is lightly wounded.
The iguana bites you but does no damage.
The iguana bites you.
You hit the iguana but do no damage.
The iguana is lightly wounded.
The iguana closely misses you.
You slash the iguana!
The iguana is severely wounded.
The iguana barely misses you.
You barely miss the iguana.
The iguana is severely wounded.
The iguana bites you! x2
2924 ||| READING 2 scrolls of teleportation.
As you read the scroll of teleportation, it crumbles to dust.
You feel strangely unstable. The iguana bites you.
You hit the iguana.
The iguana is almost dead.
The iguana barely misses you.
You barely miss the iguana.
The iguana is almost dead.
The iguana bites you.
You die...

#.......## #.. ##
#.####..## ### ### #
#.....# ##.# #.###.##
#..# . ####.###..###..#
#.. #.....##.......#
....
#.}.}.#........##.....
.##........##...........
#....\.....##..#@l......
###........#...###......
#.}.}...#...## .....
#..........## ...#
#######....# ... #.....
.. #...... . ..


You could see an iguana.

Vanquished Creatures
  Natasha (thrice) (D:3)
  An iguana (D:4)
  An orc wizard (D:3)
  6 adders
  A gnoll (D:1)
  A white imp (D:4)
  2 worms
  3 dart slugs
  5 orcs (D:3)
  8 bats
  6 endoplasms
  3 giant cockroaches
  7 goblins
  6 hobgoblins
  2 quokkas
  5 ball pythons
  5 frilled lizards
  3 kobolds
  4 rats
  A spectral goblin (D:2)
73 creatures vanquished.

Notes
Turn   | Place    | Note
-------+----------+-------------------------------------------
     0 | D:1      | qw the Gargoyle Fighter began the quest for the Orb.
     0 | D:1      | Reached XP level 1. HP: 14/14 MP: 1/1
     0 | D:1      | 0 ||| qw: Version: 0.3-a-40-ge99b1a8
     0 | D:1      | 0 ||| qw: Game counter: 460
     0 | D:1      | 0 ||| qw: Melee chars always use a shield: true
     0 | D:1      | 0 ||| qw: God list: Okawaru
     0 | D:1      | 0 ||| qw: Allow faded altars: false
     0 | D:1      | 0 ||| qw: Do Orc after clearing Dungeon:15 true
     0 | D:1      | 0 ||| qw: Do second Lair branch before Depths: true
     0 | D:1      | 0 ||| qw: Lair rune preference: random
     0 | D:1      | 0 ||| qw: Goals: Normal, Zot:1-4, Slime:5, God:TSO, Crypt,
                  | Tomb, Abyss, Pan, Hells, Win
     0 | D:1      | 0 ||| PLANNING D:1-11
    31 | D:1      | Reached skill level 2 in Axes
    44 | D:1      | 44 ||| Stepping ~*~*~tactically~*~*~ (stealth).
    66 | D:1      | Reached XP level 2. HP: 18/19 MP: 2/2
   133 | D:1      | 133 ||| Stepping ~*~*~tactically~*~*~ (hiding).
   134 | D:1      | 134 ||| Stepping ~*~*~tactically~*~*~ (hiding).
   156 | D:1      | 156 ||| Stepping ~*~*~tactically~*~*~ (stealth).
   168 | D:1      | Reached skill level 3 in Axes
   168 | D:1      | Reached XP level 3. HP: 23/23 MP: 3/3
   286 | D:1      | 286 ||| Stepping ~*~*~tactically~*~*~ (stealth).
   326 | D:1      | Found Sichaewa's Magic Scroll Emporium.
   335 | D:1      | 335 ||| SHOPLISTING scroll of brand weapon (123 gold, have
                  | 16).
   335 | D:1      | 335 ||| SHOPLISTING scroll of enchant armour (97 gold, have
                  | 16).
   335 | D:1      | 335 ||| SHOPLISTING scroll of identify (26 gold, have 16).
   574 | D:1      | 574 ||| READING scroll labelled CULIVE TAOWK.
   575 | D:1      | 575 ||| READING scroll labelled POOSKA LIFE.
   580 | D:1      | 580 ||| READING scroll labelled LEURIUCV JYUFF.
   681 | D:1      | 681 ||| READING scroll labelled CYSUSA JOOF.
   682 | D:1      | 682 ||| READING scroll labelled MOCEIRGHYEPO.
   708 | D:2      | 708 ||| STAIRDANCE
   724 | D:2      | 724 ||| Stepping ~*~*~tactically~*~*~ (stealth).
   752 | D:2      | 752 ||| DROPPING +0 club.
   953 | D:2      | Reached XP level 4. HP: 24/28 MP: 4/4
   998 | D:2      | 998 ||| Stepping ~*~*~tactically~*~*~ (stealth).
  1000 | D:2      | 1000 ||| Stepping ~*~*~tactically~*~*~ (hiding).
  1018 | D:2      | Reached skill level 4 in Axes
  1109 | D:2      | 1109 ||| Stepping ~*~*~tactically~*~*~ (hiding).
  1440 | D:2      | Found a faded altar of an unknown god.
  1708 | D:2      | 1708 ||| UPGRADING to +0 pair of boots.
  1713 | D:2      | 1713 ||| READING scroll labelled QOCAER LEMOSK.
  1714 | D:2      | 1714 ||| READING scroll labelled INTATSOTTA.
  1715 | D:2      | 1715 ||| READING 2 scrolls of identify.
  1715 | D:2      | 1715 ||| IDENTIFYING grey potion
  1805 | D:3      | Found an opulent altar of Gozag.
  2003 | D:3      | 2003 ||| Stepping ~*~*~tactically~*~*~ (stealth).
  2005 | D:3      | 2005 ||| Stepping ~*~*~tactically~*~*~ (hiding).
  2017 | D:3      | Noticed Natasha
  2021 | D:3      | Reached XP level 5. HP: 24/32 MP: 5/5
  2026 | D:3      | Killed Natasha
  2027 | D:3      | Reached skill level 5 in Axes
  2091 | D:3      | 2091 ||| DROPPING +0 whip.
  2228 | D:3      | Noticed Natasha
  2242 | D:3      | Killed Natasha
  2518 | D:3      | 2518 ||| DROPPING orb of mayhem.
  2519 | D:3      | 2519 ||| UPGRADING to +0 helmet.
  2567 | D:4      | Reached skill level 1 in Dodging
  2567 | D:4      | Reached XP level 6. HP: 18/38 MP: 6/6
  2677 | D:4      | 2677 ||| FLEEEEING.
  2678 | D:4      | 2678 ||| FLEEEEING.
  2680 | D:4      | 2680 ||| STAIRDANCE
  2681 | D:3      | Noticed Natasha
  2688 | D:3      | Killed Natasha
  2785 | D:3      | 2785 ||| READING 3 scrolls labelled LIERGH FAEVIS.
  2786 | D:3      | 2786 ||| DROPPING 2 scrolls of amnesia.
  2891 | D:4      | Found Jobaamib's Vocational Training.
  2923 | D:4      | HP: 6/38 [iguana (11)]
  2924 | D:4      | 2924 ||| READING 2 scrolls of teleportation.
  2926 | D:4      | Slain by an iguana

Levels and vault maps discovered:
D:1:      dpeg_chamrin_arrival_tetris, layout_rooms, serial_shops, shop
D:2:      layout_loops_ring, dreamdust_ecumenical_altar_drowned_temple,
          serial_forest, infiniplex_forest_lined_3, infiniplex_forest_end_2,
          infiniplex_forest_clump_long, infiniplex_forest_clump_curved,
          infiniplex_forest_lined_3, serial_park_tiny_pond,
          chequers_serial_rivers_small_3, minmay_octomino_e4
D:3:      layout_loops_ring, amcnicky_altar_gilded, minmay_door_square,
          uniq_natasha
D:4:      layout_layer_cave, nicolae_sif_muna_condensation, tso_metal_star,
          nicolae_ru_sacrificial_ziggurat, gammafunk_ghost_nasty_kobolds,
          st_stairs_12, nicolae_shop_vocational

Skill      XL: |  1  2  3  4  5 |
---------------+----------------+-----
Axes           | 2 3 4 5 |  5.3
Fighting       | 4 |  4.0
Dodging        | 1 |  1.0
Armour         | |  3.2
Shields        | |  3.2

Action                     |  1- 3 |  4- 6 || total
---------------------------+-------+-------++-------
  Melee: War axe           |    96 |   145 ||   241
    Use: Scroll            |     5 |     5 ||    10
 Armour: Scale mail        |    43 |    58 ||   101
  Dodge: Dodged            |    47 |    56 ||   103
  Block: Buckler           |    14 |    17 ||    31

Table legend:
 A = Non-vault XP
 B = Vault XP
 C = Vault XP percentage of total XP
 D = Non-vault monster count
 E = Vault monster count
 F = Vault count percentage of total count
                 A         B        C        D         E       F
            +---------+---------+-------+---------+---------+-------
      Total |     346 |      54 |  13.5 |      66 |       7 |   9.6
            +---------+---------+-------+---------+---------+-------
        D:1 |      47 |       0 |   0.0 |      23 |       0 |   0.0
        D:2 |      53 |      18 |  25.4 |      17 |       6 |  26.1
        D:3 |     185 |      36 |  16.3 |      22 |       1 |   4.3
        D:4 |      61 |       0 |   0.0 |       4 |       0 |   0.0
            +---------+---------+-------+---------+---------+-------
